 Dungeon Crawl Stone Soup version 0.29.1-2-gbd0b4ee654 (webtiles) character file.

Game seed: 9161919671128915929

528 MTVSty1e the Cleaver (level 7, -15/57 HPs)
             Began as a Minotaur Fighter on Oct 23, 2022.
             Demolished by an ogre
             ... wielding a +0 giant club
              (24 damage)
             ... on level 4 of the Dungeon.
             The game lasted 00:03:16 (3648 turns).

MTVSty1e the Cleaver (Minotaur Fighter)             Turns: 3648, Time: 00:03:16

Health: -15/57     AC:  6    Str: 20 (22) XL:     7   Next: 3%
Magic:  6/6        EV:  9    Int:  4 (5)  God:
Gold:   174        SH:  4    Dex:  8 (10) Spells: 6/6 levels left

rFire   . . .      SeeInvis .   a - +0 war axe
rCold   . . .      Faith    .   c - +0 buckler
rNeg    . . .      Spirit   .   b - +0 scale mail
rPois   .          Reflect  .   (helmet restricted)
rElec   .          Harm     .   (no cloak)
rCorr   .          Rampage  .   (no gloves)
Will    +....                   (no boots)
Stlth   ..........              (no amulet)
HPRegen 0.19/turn               r - ring of willpower
MPRegen 0.10/turn               (no ring)

@: no status effects
A: horns 2, retaliatory headbutt
a: no special abilities


You were on level 4 of the Dungeon.
You visited 1 branch of the dungeon, and saw 4 of its levels.

You collected 174 gold pieces.

Inventory:

Hand Weapons
 a - a +0 war axe (weapon)
 d - a +1 vorpal flail
Armour
 b - a +0 scale mail (worn)
 c - a +0 buckler (worn)
Jewellery
 l - a ring of fire
 r - a ring of willpower (left hand)
Wands
 q - a wand of polymorph (5)
Scrolls
 e - a scroll of enchant armour {unknown}
 i - 2 scrolls of teleportation {unknown}
 k - 2 scrolls of magic mapping {unknown}
 m - a scroll of immolation {unknown}
 n - a scroll of poison {unknown}
 o - 4 scrolls of identify {unknown}
 p - a scroll of fear {unknown}
 s - a scroll of blinking {unknown}
 v - a scroll of noise {unknown}
Potions
 f - a potion of curing
 j - a potion of attraction {unknown}
 t - a potion of brilliance {unknown}
 u - a potion of mutation {unknown}


   Skills:
 - Level 3.6 Fighting
 * Level 9.2 Axes
 - Level 3.6 Armour
 - Level 3.6 Shields


You had 6 spell levels left.
You didn't know any spells.
Your spell library contained the following spells:

 Spells                   Type           Power      Damage    Failure   Level
 Ensorcelled Hibernation  Hex/Ice        0%         N/A       97%         2
 Passwall                 Tmut/Erth      0%         N/A       97%         2
 Ignite Poison            Fire/Tmut/Pois 0%         N/A       99%         3
 Mephitic Cloud           Conj/Pois/Air  0%         N/A       99%         3
 Swiftness                Air            0%         N/A       99%         3
 Freezing Cloud           Conj/Ice/Air   0%         6-21      100%        5


Dungeon Overview and Level Annotations

Branches:
Dungeon (4/15)
 Temple: D:4-7

Altars:
Qazlal
Xom

Shops:
D:1 [   D:2 =


Innate Abilities, Weirdness & Mutations

You have a pair of horns on your head.
You reflexively headbutt those who attack you in melee.


Message History

Things that are here:
a +0 dagger; a +0 robe; an orc skeleton An ogre comes into view.
It is wielding a +0 giant club.
The ogre shouts!
An ogre is nearby!
The ogre closely misses you.
You hit the ogre.
The ogre is lightly wounded.
You closely miss the ogre.
The ogre is lightly wounded.
The ogre hits you with a +0 giant club!!
Ouch! That really hurt!
You are too injured to fight recklessly!
You are too injured to fight recklessly!
You are too injured to fight recklessly!
You are too injured to fight recklessly!
You are too injured to fight recklessly!
You are too injured to fight recklessly!
You are too injured to fight recklessly!
You are too injured to fight recklessly!
You are too injured to fight recklessly!
You are too injured to fight recklessly!
You are too injured to fight recklessly!
You are too injured to fight recklessly!
You are too injured to fight recklessly!
You are too injured to fight recklessly!
You are too injured to fight recklessly!
Unknown command.
You hit the ogre.
You headbutt the ogre, but do no damage.
The ogre is lightly wounded.
The ogre hits you with a +0 giant club!!
* * * LOW HITPOINT WARNING * * *
You hit the ogre.
The ogre is moderately wounded.
The ogre barely misses you. You furiously retaliate!
You headbutt the ogre. You hit the ogre.
The ogre is heavily wounded.
The ogre hits you with a +0 giant club!!
You die...

#.#####.#
#.....#.#
#####.#.#
#.).#.#.#
#.#)#†#.#
#.#..)..#
#.#.....#
###.#####.#
#..#.@.#.[...#
....!.O....#####
...............#
..[............#
..............##
..........###.#
.........?# .#
..........# .
........# #


You could see an ogre.

Vanquished Creatures
  Edmund (D:4)
  An ogre (D:4)
  A scorpion (D:4)
  An orc priest (D:3)
  3 orc wizards
  3 gnolls (D:3)
  4 adders
  An ufetubus (D:4)
  2 worms
  7 orcs
  4 ball pythons
  6 endoplasms
  A giant cockroach (D:4)
  6 goblins
  6 hobgoblins
  13 jackals
  3 quokkas
  7 bats
  4 frilled lizards
  5 kobolds
  2 rats
81 creatures vanquished.

Notes
Turn   | Place    | Note
-------+----------+-------------------------------------------
     0 | D:1      | MTVSty1e the Minotaur Fighter began the quest for the Orb.
     0 | D:1      | Reached XP level 1. HP: 19/19 MP: 0/0
   116 | D:1      | Reached skill level 3 in Axes
   189 | D:1      | Found Nateog's Armour Boutique.
   200 | D:1      | Reached XP level 2. HP: 26/26 MP: 1/1
   509 | D:2      | Found a faded altar of an unknown god.
   696 | D:2      | Reached skill level 4 in Axes
   702 | D:2      | Reached XP level 3. HP: 23/31 MP: 2/2
  1332 | D:2      | Found Gobymea's Jewellery Shoppe.
  1560 | D:3      | Reached skill level 5 in Axes
  1752 | D:3      | Reached XP level 4. HP: 34/39 MP: 3/3
  1943 | D:3      | Reached skill level 6 in Axes
  2041 | D:3      | Reached XP level 5. HP: 30/45 MP: 4/4
  2706 | D:3      | Reached skill level 7 in Axes
  3042 | D:4      | Found a shimmering altar of Xom.
  3049 | D:4      | Noticed an ogre
  3058 | D:4      | Killed an ogre
  3059 | D:4      | Reached XP level 6. HP: 18/51 MP: 5/5
  3063 | D:4      | Reached skill level 8 in Axes
  3278 | D:4      | Found a stormy altar of Qazlal.
  3313 | D:4      | Noticed Edmund
  3329 | D:4      | Killed Edmund
  3330 | D:4      | Reached skill level 9 in Axes
  3413 | D:4      | Reached XP level 7. HP: 33/57 MP: 6/6
  3648 | D:4      | Demolished by an ogre

Illustrated notes

Levels and vault maps discovered:
D:1:      dpeg_arrival_solitude, layout_basic, serial_shops, shop
D:2:      layout_loops_ring, shapermc_ecumenical_altar_totnotflames,
          serial_shops, shop, chequers_serial_rivers_micro_b
D:3:      layout_loops_corners, nicolae_elevator_lobby_plus
D:4:      layout_basic, grunt_temple_overflow_open, uniq_sigmund, uniq_edmund

Skill      XL: |  1  2  3  4  5  6 |
---------------+-------------------+-----
Axes           | 3 4 5 6 7 9 |  9.2
Fighting       | |  3.6
Armour         | |  3.6
Shields        | |  3.6

Action                   |  1- 3 |  4- 6 |  7- 9 || total
-------------------------+-------+-------+-------++-------
Melee: War axe           |    71 |    94 |     5 ||   170
       Headbutt          |     9 |    14 |     1 ||    24
       Unarmed           |     9 |       |       ||     9
  Use: Potion            |       |     5 |       ||     5
Armor: Scale mail        |    35 |    29 |       ||    64
Dodge: Dodged            |    56 |    30 |     2 ||    88
Block: Buckler           |    21 |    15 |       ||    36
